Map: Terminal stellaire EC (Void)

Players

fapy

  • Race: Protoss Protoss
  • League: Silver

lIIlllllIIll - Winner!

  • Race: Terran Terran
  • League: Silver

VOD

Have the link to the VOD?

Description

Lotv hammer build

Time

  • Played on: Oct. 15, 2015, 11:16 a.m.
  • Length: 4:45
Show
View Real Time Build Order
Export as new Build Order

fapy Protoss 

Build Orders:  

Get SALT Encoding   

  12  0:01  Probe (Chrono Boost)  
  13  0:13  Probe (Chrono Boost)  
  14  0:23  Probe (Chrono Boost), Pylon  
  15  0:41  Probe (Chrono Boost)  
  15  0:42  Gateway  
  16  0:52  Probe (Chrono Boost)  
  16  0:54  Pylon  
  17  1:02  Probe (Chrono Boost)  
  18  1:06  Gateway  
  18  1:13  Probe (Chrono Boost)  
  19  1:21  Assimilator  
  19  1:23  Probe (Chrono Boost), Assimilator  
  20  1:34  Cybernetics Core, Probe (Chrono Boost)  
  21  1:44  Probe (Chrono Boost)  
  22  1:55  Probe (Chrono Boost)  
  22  1:56  Gateway  
  23  2:05  Probe (Chrono Boost)  
  24  2:10  Warp Gate (Chrono Boost)  
  24  2:11  Stalker  
  26  2:17  Probe (Chrono Boost)  
  26  2:19  Stalker  
  29  2:27  Probe (Chrono Boost)  
  30  2:33  Pylon  
  30  2:38  Probe (Chrono Boost)  
  31  2:45  Stargate  
  32  2:51  Probe (Chrono Boost)  
  32  3:09  Nexus  
  30  3:15  Zealot (Chrono Boost)  
  34  3:20  Adept (Chrono Boost)  
  34  3:22  Adept (Chrono Boost)  
  34  3:25  Probe  
  37  3:36  Pylon  
  37  3:54  Void Ray (Chrono Boost)  
  33  4:20  Zealot  
  35  4:24  Pylon  
  35  4:27  Pylon  
  33  4:33  Adept  
Show
View Real Time Build Order
Export as new Build Order

lIIlllllIIll Terran - Winner!

Build Orders:  

Get SALT Encoding   

  12  0:01  SCV  
  13  0:13  SCV  
  14  0:17  Supply Depot  
  14  0:25  SCV  
  15  0:28  Refinery  
  15  0:39  SCV  
  16  0:45  Barracks  
  16  0:51  SCV  
  17  1:03  SCV  
  18  1:15  SCV  
  19  1:27  SCV  
  19  1:28  Barracks  
  20  1:32  Barracks Tech Lab  
  20  1:44  Supply Depot, Factory  
  20  1:46  Orbital Command  
  22  1:54  Marauder  
  24  2:15  Marauder  
  24  2:17  Supply Depot, Marine  
  24  2:19  SCV  
  26  2:27  Concussive Shells  
  26  2:28  Widow Mine  
  28  2:35  Marine  
  28  2:37  Supply Depot  
  29  2:40  SCV  
  29  2:42  Marauder  
  32  2:52  SCV  
  33  3:00  Marine, Widow Mine  
  33  3:03  Marauder  
  38  3:07  Supply Depot  
  38  3:18  Marine  
  39  3:23  SCV  
  39  3:25  Marauder  
  42  3:28  Widow Mine  
  44  3:45  Marine  
  44  3:46  Marauder  
  45  4:02  Marine  
  45  4:07  Marine  
  45  4:11  Widow Mine  
  47  4:20  Marine  
Tags
 
Add a new tag
Caveats
  • Supply blocks, unpowered buildings, or Contaminate may cause inaccurate times.
  • Supply counts are checked every 10 seconds.